Description

Rogue (Ascension to Aiur LE (10)) Copy

Replay - Ascension to Aiur LE (10)

Build Order

Get SALT Encoding   

  12  0:00  Drone  
  13  0:11  Overlord  
  13  0:16  Drone  
  14  0:30  Drone x2  
  16  0:47  Hatchery  
  15  0:51  Drone x2  
  17  0:57  Drone  
  18  1:08  Extractor  
  17  1:12  Spawning Pool  
  17  1:16  Drone x2  
  18  1:27  Drone  
  19  1:39  Overlord  
  20  1:59  Queen x2  
  20  2:00  Zergling x4  
  26  2:07  Metabolic Boost  
  32  2:43  Hatchery  
  31  2:48  Pneumatized Carapace  
  31  2:56  Overlord  
  41  3:26  Overlord  
  43  3:38  Overlord  
  44  3:49  Evolution Chamber  
  44  3:50  Queen x2  
  48  3:55  Zergling x12  
  56  4:16  Queen  
  59  4:23  Zerg Melee Weapons Level 1  
  63  4:52  Zergling x4  
  69  4:55  Queen x2  
  64  5:20  Lair  
  73  5:36  Queen x2  
  73  5:41  Baneling Nest  
  77  5:45  Spore Crawler  
  80  5:50  Spore Crawler x2  
  80  5:57  Extractor x2  
  81  6:06  Spine Crawler x3  
  83  6:25  Baneling x9  
  87  6:43  Extractor x2  
  89  6:51  Spore Crawler  
  96  7:17  Baneling  
  93  7:36  Hydralisk Den  
  86  7:49  Zerg Melee Weapons Level 2  
  86  7:50  Spore Crawler  
  83  8:07  Extractor  
  82  8:17  Overseer  
  82  8:18  Extractor  
  81  8:34  Hatchery  
  92  9:04  Muscular Augments  
  92  9:05  Hydralisk x2  
  106  9:58  Hydralisk x5  
Spawning Tool Build Advisor. Get it on Overwolf

Go to:

Details

  • Created by: zw
  • Published on: Aug 16, 2017
  • Modified on: Aug 16, 2017
  • Patch: 3.8.0
Show
View Real Time Build Order
Export as new Build Order

Comments (0)

There are no comments. Be the first!

Create an account to comment!